 Dungeon Sprint DCSS version 0.22-a0-351-g29664b4 (webtiles) character file.

30256 Kidiri the Warrior (level 13, -1/180 HPs)
             Began as a Demonspawn Gladiator on Apr 12, 2018.
             Was the Champion of Okawaru.
             Slain by an Executioner (7 damage)
             ... summoned by Gloorx Vloq
             ... in the Dungeon (Sprint VII: "The Pits").
             The game lasted 00:24:43 (3091 turns).

Kidiri the Warrior (Demonspawn Gladiator)           Turns: 3091, Time: 00:24:44

Health: -1/180     AC: 18    Str: 24    XL:     13   Next: 19%
Magic:  16/21      EV: 31    Int: 10    God:    Okawaru [******]
Gold:   110        SH:  0    Dex: 22    Spells: 12/12 levels left

rFire    + . .     SeeInvis .   J - +3 great sword of Throat {slice, rPois Dex+4}
rCold    . . .     Gourm    .   (shield currently unavailable)
rNeg     . . .     Faith    .   M - +3 troll leather armour {Snorg}
rPois    +         Spirit   .   w - +0 helmet
rElec    .         Reflect  .   b - +0 cloak {+Inv}
rCorr    .         Harm     .   (gloves unavailable)
MR       .....     NoTele   +   v - +0 pair of boots
Stlth    ..........             (no amulet)
HPRegen  0.80/turn              s - +3 ring of protection
MPRegen  0.17/turn              t - +3 ring of strength

@: berserking, lethally poisoned (-1 -> -1), heroism, very slightly
contaminated, invisible (expiring), very quick
A: claws 3, rugged brown scales 1, fire resistance 1, foul stench 2, low mp 1,
nightstalker 2, sense surroundings 1, wild magic 1, rot immunity
a: Heroism, Finesse, Renounce Religion


You were in the Dungeon.
You worshipped Okawaru.
Okawaru was exalted by your worship.
You were not hungry.

You visited 1 branch You collected 110 gold pieces.

Inventory:

Hand Weapons
 a - a +2 scimitar of flaming
 u - a +3 great sword of venom
 I - the +1 hunting sling of Purpose {velocity, rN+ SInv}
   (Okawaru gifted it to you in the Dungeon)

   Any stone fired from it inflicts extra damage.
   It protects you from negative energy.
   It lets you see invisible.
 J - the +3 great sword of Throat (weapon) {slice, rPois Dex+4}
   (Okawaru gifted it to you in the Dungeon)

   It inflicts extra damage upon your enemies.
   It affects your dexterity (+4).
   It protects you from poison.
Missiles
 c - 4 steel javelins
 d - 8 javelins of returning
 p - a throwing net (quivered)
 q - 10 javelins of penetration
 L - 3 poisoned javelins
Armour
 b - a +0 cloak of invisibility (worn)
 v - a +0 pair of boots (worn)
 w - a +0 helmet (worn)
 y - a +3 leather armour of fire resistance
 H - a +0 shield
 M - a +3 troll leather armour (worn) {Snorg}
Jewellery
 s - a +3 ring of protection (left claw)
 t - a +3 ring of strength (right claw)
 E - an uncursed ring of fire
 F - an uncursed ring of protection from fire
Wands
 G - a wand of iceblast (9)
Scrolls
 k - 2 scrolls of blinking
 m - 4 scrolls of remove curse
 n - 5 scrolls of amnesia
 o - a scroll of summoning
 z - 2 scrolls of fog
 A - a scroll of fear
 B - 4 scrolls of enchant armour
Potions
 e - 7 potions of curing
 h - 2 potions of haste
 i - 4 potions of magic
 j - 3 potions of berserk rage
 l - 2 potions of invisibility
 x - 2 potions of degeneration
 C - a potion of agility
 D - a potion of brilliance
Comestibles
 f - 17 rations


   Skills:
 * Level 15.9(20.9) Fighting
 * Level 14.8(19.8) Long Blades
 + Level 11.0(16.0) Throwing
 + Level 10.7(15.7) Armour
 * Level 14.8(19.8) Dodging
 + Level 6.4(11.4) Shields
 - Level 14.6 Invocations
 + Level 7.0 Evocations


You had 12 spell levels left.
You didn't know any spells.

Dungeon Overview and Level Annotations

Branches:
Dungeon (1/1)

Altars:
Ashenzari
Cheibriados
Dithmenos
Elyvilon
Fedhas
Gozag
Hepliaklqana
Kikubaaqudgha
Makhleb
Nemelex Xobeh
Okawaru
Qazlal
Ru
Sif Muna
Trog
Uskayaw
Vehumet
Wu Jian
Xom
Yredelemnul
Zin
The Shining One
Beogh
Jiyva
Lugonu

Annotations:
D exclusion: 11 doors, Gloorx Vloq


Innate Abilities, Weirdness & Mutations

You have claws for hands.
You are partially covered in rugged brown scales. (AC +1, +3% HP)
You frequently emit foul miasma when damaged in melee.
You are significantly more attuned to the shadows.
You are immune to rotting.
Your flesh is heat resistant. (rF+)
Your magical capacity is low. (-10% MP)
You passively map a small area around you.
Your spells are a little harder to cast, but a little more powerful.


Message History

Unknown command.
You slice Gloorx Vloq!!
Gloorx Vloq is severely wounded.
You flicker for a moment.
You feel sick.
The Executioner completely misses you. x2
The Executioner misses you. Gloorx Vloq hits you!!
* * * LOW HITPOINT WARNING * * *
Unknown command.
You hit Gloorx Vloq.
Gloorx Vloq is severely wounded.
The Executioner completely misses you. x2
The Executioner hits you but does no damage.
Gloorx Vloq hits you but does no damage.
Unknown command.
You closely miss Gloorx Vloq.
Gloorx Vloq is severely wounded.
The Executioner completely misses you.
The Executioner hits you but does no damage.
The Executioner barely misses you. The Executioner hits you!
You die...

* * , ,, + , * ,
,* , #+# ,,,, ,,
*#&# , * '* #@# ,
* , #1# , , *#'#
*, , #.# * #)#
################'#
....)............#
..............((.#
+##############))#


You could see Gloorx Vloq and an Executioner.

Vanquished Creatures
  Gastronok (D)
  A nagaraja (D)
  A shadow dragon (D)
  A balrug (D)
  A green draconian (D)
  A purple draconian (D)
  A red draconian (D)
  Snorg (D)
  A great orb of eyes (D)
  A naga warrior (D)
  A rakshasa (D)
  An alligator snapping turtle (D)
  A vampire mage (D)
  A sun demon (D)
  2 naga sharpshooters (D)
  2 deep trolls (D)
  A spriggan druid (D)
  2 flayed ghosts (D)
  2 orc knights (D)
  A deep elf mage (D)
  A necromancer (D)
  An orc sorcerer (D)
  A rust devil (D)
  2 black mambas (D)
  Maurice (D)
  A spiny frog (D)
  An orange demon (D)
  A molten gargoyle (D)
  A naga mage (D)
  3 kobold demonologists (D)
  An efreet (D)
  2 hellwings (D)
  2 yaktaurs (D)
  An ice devil (D)
  A freezing wraith (D)
  4 trolls (D)
  A merfolk (D)
  A wandering mushroom (D)
  5 blink frogs (D)
  A hippogriff (D)
  A snapping turtle (D)
  A shadow (D)
  A flying skull (D)
  A tarantella (D)
  A vampire (D)
  2 redbacks (D)
  A basilisk (D)
  A wyvern (D)
  Eustachio (D)
  A neqoxec (D)
  4 wargs (D)
  3 nagas (D)
  A soldier ant (D)
  A water moccasin (D)
  4 orc warriors (D)
  3 eyes of draining (D)
  An ogre (D)
  A phantom (D)
  A wolf (D)
  2 big kobolds (D)
  7 killer bees (D)
  A jelly (D)
  A gnoll shaman (D)
  Crazy Yiuf (D)
  2 orc priests (D)
  2 orc wizards (D)
  A mummy (D)
  4 gnolls (D)
  A river rat (D)
  A white imp (D)
  An ufetubus (D)
  An ooze (D)
  A worm (D)
  An adder simulacrum (D)
  14 orcs (D)
  A ball python (D)
  A bat skeleton (D)
  2 bat zombies (D)
  A giant cockroach (D)
  7 jackals (D)
  3 kobolds (D)
  A quokka (D)
  A ball python simulacrum (D)
  A ball python skeleton (D)
  A jackal skeleton (D)
  A leopard gecko skeleton (D)
147 creatures vanquished.

Vanquished Creatures (others)
  the Royal Jelly (D)
  Dissolution (D)
  Khufu (D)
  4 greater mummies (D)
  A pearl dragon (D)
  A pandemonium lord (D)
  A tentacled monstrosity (D)
  An Ice Fiend (D)
  A deep elf blademaster (D)
  2 titans (D)
  20 acid blobs (D)
  A shadow dragon (D)
  16 azure jellies (D)
  A frost giant (D)
  An ophan (D)
  A black draconian (D)
  A purple draconian (D)
  A green death (D)
  22 death oozes (D)
  A hell beast (D)
  A spriggan berserker (D)
  2 ugly things (D)
  A hellion (D)
  A wolf (D)
  A mummy (D)
  A bat zombie (D)
  A kobold (D)
87 creatures vanquished.

Grand Total: 234 creatures vanquished

Notes
Turn   | Place    | Note
-------+----------+-------------------------------------------
     0 | D        | Kidiri the Demonspawn Gladiator began the quest for the Orb.
     0 | D        | Reached XP level 1. HP: 16/16 MP: 1/1
    33 | D        | Killed a greater mummy
    62 | D        | Found a bloodstained altar of Trog.
    62 | D        | Found a deep blue altar of Sif Muna.
    62 | D        | Found a viscous altar of Jiyva.
    62 | D        | Found a hazy altar of Hepliaklqana.
    62 | D        | Found an opulent altar of Gozag.
    63 | D        | Found a glowing golden altar of the Shining One.
    63 | D        | Found a glowing silver altar of Zin.
    63 | D        | Found a basalt altar of Yredelemnul.
    63 | D        | Found a shimmering altar of Xom.
    63 | D        | Found an ornate altar of the Wu Jian Council.
    63 | D        | Found a sacrificial altar of Ru.
    63 | D        | Found a stormy altar of Qazlal.
    63 | D        | Found an iron altar of Okawaru.
    63 | D        | Found a sparkling altar of Nemelex Xobeh.
    63 | D        | Found a burning altar of Makhleb.
    63 | D        | Found a blossoming altar of Fedhas.
    63 | D        | Found a white marble altar of Elyvilon.
    63 | D        | Found a shadowy altar of Dithmenos.
    63 | D        | Found a snail-covered altar of Cheibriados.
    64 | D        | Killed a greater mummy
    65 | D        | Found a radiant altar of Vehumet.
    65 | D        | Found a corrupted altar of Lugonu.
    65 | D        | Found a roughly hewn altar of Beogh.
    66 | D        | Found a hide-covered altar of Uskayaw.
    66 | D        | Found an ancient bone altar of Kikubaaqudgha.
    66 | D        | Found a shattered altar of Ashenzari.
    71 | D        | Became a worshipper of Warmaster Okawaru
    98 | D        | Reached skill level 1 in Invocations
   102 | D        | Killed Dissolution
   122 | D        | Gained mutation: You have sharp fingernails. [demonic ancestry]
   122 | D        | Reached XP level 2. HP: 23/23 MP: 1/3
   125 | D        | Reached skill level 1 in Armour
   128 | D        | Reached skill level 3 in Fighting
   146 | D        | Killed a hellion
   160 | D        | Killed a brown ugly thing
   182 | D        | Noticed an orc warrior
   189 | D        | Killed an orc warrior
   189 | D        | Reached * piety under Okawaru
   189 | D        | Reached skill level 4 in Fighting
   189 | D        | Reached XP level 3. HP: 13/32 MP: 3/5
   189 | D        | Gained mutation: You are immune to rotting. [demonic ancestry]
   189 | D        | Reached XP level 4. HP: 15/38 MP: 3/6
   250 | D        | Killed a greater mummy
   253 | D        | Killed a hell beast
   301 | D        | Killed a pearl dragon
   347 | D        | Killed a deep elf blademaster
   407 | D        | Noticed a warg
   408 | D        | Noticed Crazy Yiuf
   409 | D        | Noticed an orc warrior
   418 | D        | Killed a warg
   418 | D        | Reached ** piety under Okawaru
   418 | D        | Reached skill level 6 in Fighting
   418 | D        | Reached skill level 5 in Long Blades
   418 | D        | Reached skill level 5 in Dodging
   418 | D        | Reached skill level 5 in Invocations
   418 | D        | Gained mutation: You have very sharp fingernails. [demonic ancestry]
   418 | D        | Reached XP level 5. HP: 29/46 MP: 5/8
   422 | D        | Killed Crazy Yiuf
   422 | D        | Gained mutation: You have claws for hands. [demonic ancestry]
   422 | D        | Reached XP level 6. HP: 34/52 MP: 5/9
   427 | D        | Killed an orc warrior
   432 | D        | Reached skill level 7 in Fighting
   452 | D        | Killed Qievozuf the pandemonium lord
   483 | D        | Killed a titan
   500 | D        | Reached *** piety under Okawaru
   500 | D        | Reached skill level 5 in Throwing
   500 | D        | Gained mutation: You are slightly more attuned to the shadows. [demonic ancestry]
   500 | D        | Reached XP level 7. HP: 60/60 MP: 11/11
   508 | D        | Noticed a deep troll
   515 | D        | Killed a deep troll
   515 | D        | Reached skill level 8 in Fighting
   515 | D        | Reached skill level 5 in Armour
   515 | D        | Gained mutation: You are significantly more attuned to the shadows. [demonic ancestry]
   515 | D        | Reached XP level 8. HP: 55/69 MP: 9/13
   593 | D        | Killed an azure jelly
   600 | D        | Killed an acid blob
   605 | D        | Killed an acid blob
   615 | D        | Killed a death ooze
   657 | D        | Noticed an orc knight
   657 | D        | Noticed a hippogriff
   678 | D        | Killed a death ooze
   682 | D        | Reached skill level 9 in Fighting
   705 | D        | Reached **** piety under Okawaru
   715 | D        | Killed an orc knight
   715 | D        | Received a gift from Okawaru
   725 | D        | Killed a death ooze
   769 | D        | Killed a brown ugly thing
   781 | D        | Killed a death ooze
   786 | D        | Gained mutation: You are partially covered in rugged brown scales. (AC +1, +3% HP) [demonic ancestry]
   786 | D        | Reached XP level 9. HP: 53/80 MP: 15/15
   794 | D        | Killed an Ice Fiend
   822 | D        | Reached skill level 10 in Fighting
   880 | D        | Killed a death ooze
   880 | D        | Killed an acid blob
   897 | D        | Killed an azure jelly
   919 | D        | Killed an azure jelly
   940 | D        | Killed an acid blob
   942 | D        | Killed a death ooze
   943 | D        | Killed an azure jelly
   949 | D        | Killed an azure jelly
   962 | D        | Killed an acid blob
   980 | D        | Noticed a merfolk
   994 | D        | Killed a merfolk
   994 | D        | Reached ***** piety under Okawaru
  1003 | D        | Killed a death ooze
  1019 | D        | Killed an azure jelly
  1023 | D        | Killed an azure jelly
  1025 | D        | Killed a death ooze
  1032 | D        | Killed an acid blob
  1043 | D        | Noticed a yaktaur
  1047 | D        | Killed an acid blob
  1047 | D        | Killed an acid blob
  1051 | D        | Received a gift from Okawaru
  1051 | D        | Reached skill level 10 in Long Blades
  1051 | D        | Reached skill level 10 in Dodging
  1052 | D        | Killed a yaktaur
  1056 | D        | Killed a death ooze
  1056 | D        | Killed a death ooze
  1067 | D        | Killed an azure jelly
  1073 | D        | Killed an acid blob
  1074 | D        | Killed a tentacled monstrosity
  1077 | D        | Killed a death ooze
  1084 | D        | Killed an azure jelly
  1087 | D        | Killed a death ooze
  1088 | D        | Killed a death ooze
  1095 | D        | Killed an acid blob
  1103 | D        | Killed the Royal Jelly
  1107 | D        | Killed an azure jelly
  1108 | D        | Killed an acid blob
  1110 | D        | Killed an acid blob
  1112 | D        | Killed an azure jelly
  1117 | D        | Noticed a troll
  1117 | D        | Noticed an orange demon
  1117 | D        | Noticed a kobold demonologist
  1122 | D        | Killed a troll
  1122 | D        | Received a gift from Okawaru
  1122 | D        | Reached skill level 11 in Fighting
  1122 | D        | Reached skill level 10 in Invocations
  1123 | D        | Noticed an orange demon
  1134 | D        | Killed a kobold demonologist
  1136 | D        | Killed an orange demon
  1136 | D        | Received a gift from Okawaru
  1136 | D        | Gained mutation: You may emit foul miasma when damaged in melee. [demonic ancestry]
  1136 | D        | Reached XP level 10. HP: 90/90 MP: 11/17
  1137 | D        | Killed a death ooze
  1165 | D        | Killed an acid blob
  1187 | D        | Noticed an orc sorcerer
  1191 | D        | Killed a death ooze
  1196 | D        | Killed an acid blob
  1200 | D        | Killed an orc sorcerer
  1202 | D        | Killed a death ooze
  1208 | D        | Noticed a vampire mage
  1208 | D        | Killed an azure jelly
  1222 | D        | Noticed Eustachio
  1246 | D        | Killed Eustachio
  1246 | D        | Killed an azure jelly
  1272 | D        | Killed a death ooze
  1276 | D        | Killed an azure jelly
  1299 | D        | Killed an acid blob
  1314 | D        | Killed an acid blob
  1316 | D        | Noticed a spiny frog
  1323 | D        | Killed a spiny frog
  1328 | D        | Killed a death ooze
  1332 | D        | Reached skill level 12 in Fighting
  1372 | D        | Killed a vampire mage
  1372 | D        | Received a gift from Okawaru
  1413 | D        | Killed Khufu
  1424 | D        | Noticed an orc knight
  1437 | D        | Killed an orc knight
  1437 | D        | Received a gift from Okawaru
  1497 | D        | Noticed a black mamba
  1505 | D        | Noticed a deep troll
  1505 | D        | Noticed a rakshasa
  1508 | D        | Received a gift from Okawaru
  1508 | D        | Gained mutation: You frequently emit foul miasma when damaged in melee. [demonic ancestry]
  1508 | D        | Reached XP level 11. HP: 98/98 MP: 16/19
  1511 | D        | Killed a death ooze
  1524 | D        | Killed an acid blob
  1531 | D        | Killed a rakshasa
  1531 | D        | Received a gift from Okawaru
  1547 | D        | Reached skill level 13 in Fighting
  1557 | D        | Killed a greater mummy
  1583 | D        | Killed a deep troll
  1590 | D        | Killed a frost giant
  1629 | D        | Killed a death ooze
  1661 | D        | Killed a green death
  1671 | D        | Killed a death ooze
  1738 | D        | Gained mutation: You have an increased reservoir of magic. (+10% MP) [potion of mutation]
  1738 | D        | Gained mutation: You are clumsy. (Dex -2) [potion of mutation]
  1738 | D        | Gained mutation: Potions are less effective at restoring your health. [potion of mutation]
  1738 | D        | Gained mutation: You passively map a small area around you. [potion of mutation]
  1739 | D        | Lost mutation: You are clumsy. (Dex -2) [potion of mutation]
  1739 | D        | Lost mutation: You have an increased reservoir of magic. (+10% MP) [potion of mutation]
  1739 | D        | Gained mutation: You are agile. (Dex +2) [potion of mutation]
  1739 | D        | Gained mutation: Your magical capacity is low. (-10% MP) [potion of mutation]
  1739 | D        | Gained mutation: You expend magic power (3 MP) to strengthen your wands. [potion of mutation]
  1740 | D        | Lost mutation: You are agile. (Dex +2) [potion of mutation]
  1740 | D        | Lost mutation: You expend magic power (3 MP) to strengthen your wands. [potion of mutation]
  1740 | D        | Lost mutation: You passively map a small area around you. [potion of mutation]
  1740 | D        | Gained mutation: Your flesh is heat resistant. (rF+) [potion of mutation]
  1740 | D        | Lost mutation: Potions are less effective at restoring your health. [potion of mutation]
  1740 | D        | Gained mutation: You passively map a small area around you. [potion of mutation]
  1740 | D        | Gained mutation: Your spells are a little harder to cast, but a little more powerful. [potion of mutation]
  1749 | D        | Killed a death ooze
  1763 | D        | Killed a black draconian
  1763 | D        | Killed a spriggan berserker
  1829 | D        | Killed an ophan
  1834 | D        | Noticed a flayed ghost
  1842 | D        | Killed a flayed ghost
  1846 | D        | Reached skill level 1 in Shields
  1846 | D        | Reached skill level 1 in Evocations
  1856 | D        | Killed a shadow dragon
  1895 | D        | Killed an acid blob
  1895 | D        | Killed an azure jelly
  1964 | D        | Noticed a great orb of eyes
  1970 | D        | Killed a titan
  1980 | D        | Killed a great orb of eyes
  1980 | D        | Received a gift from Okawaru
  2049 | D        | Killed an azure jelly
  2051 | D        | Killed an acid blob
  2088 | D        | Noticed a spriggan druid
  2093 | D        | Killed a spriggan druid
  2114 | D        | Noticed a naga sharpshooter
  2117 | D        | Noticed a deep elf mage
  2131 | D        | Killed a deep elf mage
  2137 | D        | Killed a naga sharpshooter
  2137 | D        | Reached skill level 14 in Fighting
  2140 | D        | Received a gift from Okawaru
  2156 | D        | Got a shimmering hunting sling {god gift}
  2157 | D        | Identified the +1 hunting sling of Purpose {velocity, rN+ SInv} (Okawaru gifted it to you in the Dungeon)
  2238 | D        | Noticed a purple draconian
  2239 | D        | Noticed a naga sharpshooter
  2240 | D        | Noticed a red draconian
  2242 | D        | Noticed a naga warrior
  2252 | D        | Killed a red draconian
  2252 | D        | Reached XP level 12. HP: 84/110 MP: 12/19
  2262 | D        | Killed a purple draconian
  2282 | D        | Killed a naga warrior
  2282 | D        | Reached skill level 10 in Throwing
  2290 | D        | HP: 4/111 [naga sharpshooter/bolt (24)]
  2530 | D        | Killed a purple draconian
  2556 | D        | Noticed Maurice
  2560 | D        | Killed Maurice
  2561 | D        | Noticed a shadow dragon
  2567 | D        | Received a gift from Okawaru
  2571 | D        | Killed a shadow dragon
  2571 | D        | Reached skill level 10 in Armour
  2571 | D        | Reached skill level 5 in Evocations
  2585 | D        | Received a gift from Okawaru
  2593 | D        | Reached skill level 15 in Fighting
  2593 | D        | Reached skill level 5 in Shields
  2607 | D        | Noticed a nagaraja
  2614 | D        | Noticed a green draconian
  2614 | D        | Noticed Snorg
  2622 | D        | Killed a green draconian
  2622 | D        | Reached ****** piety under Okawaru
  2622 | D        | Received a gift from Okawaru
  2631 | D        | Killed a nagaraja
  2631 | D        | Received a gift from Okawaru
  2636 | D        | Noticed Gastronok
  2644 | D        | Killed Gastronok
  2644 | D        | Reached XP level 13. HP: 47/119 MP: 12/21
  2662 | D        | Killed Snorg
  2860 | D        | Got a crystal great sword {god gift}
  2895 | D        | Identified the +3 great sword of Throat {slice, rPois Dex+4} (Okawaru gifted it to you in the Dungeon)
  3007 | D        | Killed an acid blob
  3057 | D        | Noticed a balrug
  3063 | D        | Killed a balrug
  3063 | D        | Received a gift from Okawaru
  3070 | D        | Noticed Gloorx Vloq
  3083 | D        | Noticed an Executioner
  3089 | D        | HP: 6/180 [Gloorx Vloq (21)]
  3091 | D        | Slain by an Executioner

Vault maps used:
D:        pitsprint

Skill      XL: |  1  2  3  4  5  6  7  8  9 10 11 12 13 |
---------------+----------------------------------------+-----
Long Blades    | 3 4 5 6 7 8 9 10 11 13 14 | 14.8
Throwing       | 2 3 4 5 6 7 8 9 10 11 | 11.0
Dodging        | 3 4 5 6 7 8 9 10 11 13 14 | 14.8
Invocations    | 1 3 5 6 7 8 10 11 13 14 | 14.6
Armour         | 2 3 4 5 6 7 8 9 10 | 10.7
Fighting       | 4 6 7 8 9 11 12 14 15 | 15.9
Shields        | 3 5 6 |  6.4
Evocations     | 3 6 7 |  7.0

Action                   |  1- 3 |  4- 6 |  7- 9 | 10-12 | 13-15 || total
-------------------------+-------+-------+-------+-------+-------++-------
Melee: Falchion          |    46 |     2 |       |       |       ||    48
       Long sword        |     2 |    39 |    47 |       |       ||    88
       Punch             |       |       |     2 |     3 |       ||     5
       Scimitar          |       |       |    45 |   140 |       ||   185
       Great sword       |       |       |       |   206 |    61 ||   267
Throw: Throwing net      |       |       |     3 |     6 |       ||     9
       Javelin           |       |       |       |    13 |     2 ||    15
Invok: Heroism           |       |     1 |     7 |    11 |     4 ||    23
       Finesse           |       |       |     2 |     9 |     3 ||    14
 Abil: Evoke Invisibilit |       |       |       |       |     1 ||     1
  Use: Potion            |     1 |     1 |     2 |    13 |     7 ||    24
       Scroll            |       |       |       |     1 |       ||     1
 Stab: Sleeping          |       |       |     5 |     3 |     1 ||     9
       Distracted        |       |       |       |     1 |       ||     1
       Held in net/web   |       |       |       |     3 |       ||     3
  Eat: Chunk             |       |       |     1 |     5 |       ||     6
       Ration            |       |       |       |       |     1 ||     1
Armor: Leather armour    |    15 |       |       |       |       ||    15
       Scale mail        |       |     5 |     7 |       |       ||    12
       Troll leather arm |       |       |     9 |    38 |    14 ||    61
Dodge: Dodged            |    46 |    19 |    78 |   275 |    77 ||   495
       Rpst.: Falchion   |    18 |       |       |       |       ||    18
       Long sword        |       |     6 |     9 |       |       ||    15
       Scimitar          |       |       |     7 |    18 |       ||    25
       Great sword       |       |       |       |    30 |    16 ||    46

Table legend:
 A = Spawn XP
 B = Non-spawn XP
 C = Spawn XP percentage of total XP
 D = Spawn monster count
 E = Non-spawn monster count
 F = Spawn count percentage of total count
 G = Total turns spent on level
                    A         B        C        D         E        F      G
               +---------+---------+-------+---------+---------+-------+---------
         Total |       0 |   43223 |   0.0 |       0 |     147 |   0.0 |  3091
               +---------+---------+-------+---------+---------+-------+---------
             D |       0 |   43223 |   0.0 |       0 |     147 |   0.0 |  3091
               +---------+---------+-------+---------+---------+-------+---------
